 Dungeon Crawl Stone Soup version 0.29-a0-317-gd16b76e6b1 (webtiles) character file.

Game seed: 4424974506572914904

102 Ijustatesigmund the Skirmisher (level 4, 0/41 HPs)
             Began as a Draconian Fighter on Mar 31, 2022.
             Killed from afar by Sigmund (6 damage)
             ... with a magic dart
             ... on level 3 of the Dungeon.
             The game lasted 00:02:41 (2392 turns).

Ijustatesigmund the Skirmisher (Draconian Fighter)  Turns: 2392, Time: 00:02:41

Health: 0/41       AC:  5    Str: 18    XL:     4   Next: 50%
Magic:  4/4        EV: 11    Int: 11    God:
Gold:   94         SH:  4    Dex: 10    Spells: 3/3 levels left

rFire   . . .      SeeInvis .   a - +0 war axe
rCold   . . .      Faith    .   b - +0 buckler
rNeg    . . .      Spirit   .   (body armour unavailable)
rPois   .          Reflect  .   (helmet restricted)
rElec   .          Harm     .   (no cloak)
rCorr   .          Rampage  .   (no gloves)
Will    .....                   (no boots)
Stlth   +.........              (no amulet)
HPRegen 0.13/turn               (no ring)
MPRegen 0.09/turn               (no ring)

@: invisible
A: AC +5, unfitting armour, cold-blooded, evolution 1
a: no special abilities


You were on level 3 of the Dungeon.
You visited 1 branch of the dungeon, and saw 3 of its levels.

You collected 94 gold pieces.

Inventory:

Hand Weapons
 a - a +0 war axe (weapon)
Armour
 b - a +0 buckler (worn)
Jewellery
 k - an amulet of magic regeneration
Scrolls
 e - 2 scrolls of teleportation {unknown}
 f - a scroll of fear {unknown}
 g - a scroll of identify {unknown}
 l - a scroll of blinking {unknown}
Potions
 c - 2 potions of might
 d - a potion of mutation


   Skills:
 + Level 4.7 Fighting
 + Level 3.6 Axes
 - Level 2.6 Dodging
 - Level 3.0 Shields


You had 3 spell levels left.
You didn't know any spells.
Your spell library contained the following spells:

 Spells                   Type           Power      Damage    Failure   Level
 Sting                    Tmut/Pois      0%         1d3       43%         1
 Poisonous Vapours        Pois/Air       0%         N/A       56%         2
 Static Discharge         Conj/Air       0%         N/A       56%         2
 Gell's Gravitas          Tloc           0%         N/A       80%         3
 Lesser Beckoning         Tloc           0%         N/A       80%         3
 Teleport Other           Tloc           0%         N/A       80%         3
 Olgreb's Toxic Radiance  Pois           0%         N/A       99%         4
 Lightning Bolt           Conj/Air       0%         1d11      100%        5
 Maxwell's Capacitive Co  Air            0%         ∞         100%        8


Dungeon Overview and Level Annotations

Branches:
Dungeon (3/15)

Altars:

Annotations:
D:3 Sigmund


Innate Abilities, Weirdness & Mutations

Your plain brown scales are hard. (AC +5)
You cannot fit into any form of body armour.
You are cold-blooded and may be slowed by cold attacks.
You have hidden genetic potential.


Message History

You are confused.
You barely miss something.
Your tail-slap misses something.
Something hits you but does no damage. Something hits you but does no damage.
You're too confused to attack without stumbling around!
You're too confused to attack without stumbling around!
You're too confused to attack without stumbling around!
You're too confused to attack without stumbling around!
You're too confused to attack without stumbling around!
You're too confused to attack without stumbling around!
You're too confused to attack without stumbling around!
You're too confused to attack without stumbling around!
You're too confused to attack without stumbling around!
You bump into the rock wall.
Something barely misses you. Something hits you!
You barely miss something.
You feel less confused. Something hits you!
You hit something.
Your tail-slap misses something.
Something hits you.
* * * LOW HITPOINT WARNING * * *
You barely miss something. Something hits you!
* * * LOW HITPOINT WARNING * * *
It was a potion of mutation.
You feel extremely strange.
You feel a hidden potential growing inside you.
It was a potion of invisibility.
You fade into invisibility!
Something hits you.
* * * LOW HITPOINT WARNING * * *
It was a potion of heal wounds.
You feel much better. Something hits you.
You barely miss something.
Your tail-slap misses something.
Something hits you!
* * * LOW HITPOINT WARNING * * *
It was a potion of curing.
You feel better.
You miss something. Something hits you!
* * * LOW HITPOINT WARNING * * *
You miss something.
You hear some strange, mumbled words.
A magic dart appears from out of thin air!
The magic dart hits you.
You die...

......
......############
#.#...#..........#####
......................
#.#..........[........
#.#...#.####.#.#.####
###.#...#.# #.#.# #
........#.####.#.#.#####
≈...............@{......
≈<......#.####.#...#####
≈≈#.....#.# ...#...#
≈≈≈.......+........#
≈≈≈.....#.#....#....
≈≈≈.......#.. #...##
≈≈≈.......... ....#
≈≈#.#....... .....
≈≈......


There were no monsters in sight!

Vanquished Creatures
  5 adders (D:2)
  A worm (D:2)
  3 dart slugs
  5 endoplasms
  3 giant cockroaches
  5 goblins
  6 hobgoblins
  5 kobolds
  3 quokkas
  A bat (D:2)
  5 frilled lizards
  7 rats
49 creatures vanquished.

Notes
Turn   | Place    | Note
-------+----------+-------------------------------------------
     0 | D:1      | Ijustatesigmund the Draconian Fighter began the quest for
                  | the Orb.
     0 | D:1      | Reached XP level 1. HP: 19/19 MP: 1/1
    95 | D:1      | Reached XP level 2. HP: 26/26 MP: 2/2
   558 | D:1      | Reached skill level 4 in Fighting
   867 | D:2      | Reached XP level 3. HP: 33/33 MP: 3/3
  1616 | D:2      | Reached XP level 4. HP: 41/41 MP: 4/4
  2370 | D:3      | Noticed Sigmund
  2386 | D:3      | Gained mutation: You have hidden genetic potential. [potion
                  | of mutation]
  2387 | D:3      | HP: 2/41 [something (1)]
  2392 | D:3      | Killed from afar by Sigmund

Illustrated notes

Levels and vault maps discovered:
D:1:      dpeg_arrival_houses_and_road, layout_basic, palyth_stone_intersect
D:2:      kb_forest_paths, layout_basic
D:3:      layout_basic, nicolae_ecumenical_lake_church, minmay_puff,
          uniq_sigmund, uniq_ijyb

Skill      XL: |  1  2  3 |
---------------+----------+-----
Fighting       | 4 |  4.7
Axes           | 3 |  3.6
Dodging        | |  2.6
Shields        | |  3.0

Action                   |  1- 3 |  4- 6 || total
-------------------------+-------+-------++-------
Melee: War axe           |   129 |    47 ||   176
       Tailslap          |    15 |     3 ||    18
Throw: Throwing net      |     1 |       ||     1
  Use: Potion            |       |     4 ||     4
 Stab: Sleeping          |     1 |       ||     1
Armor: Skin              |    36 |    13 ||    49
Dodge: Dodged            |    65 |    20 ||    85
Block: Buckler           |    21 |    14 ||    35

Table legend: (Time is in decaauts)
 A = Elapsed time spent in this place.
 B = Non-inter-level travel time spent in this place.
 C = Inter-level travel time spent in this place.
 D = Time resting spent in this place.
 E = Time spent auto-exploring this place.
 F = Levels seen in this place.
 G = Mean time per level.
                   A        B        C        D        E       F      G
               +--------+--------+--------+--------+--------+-----+--------+
         Total |   2463 |   2387 |     76 |    375 |   1571 |   3 |  821.0 |
       Dungeon |   2463 |   2387 |     76 |    375 |   1571 |   3 |  821.0 |
               +--------+--------+--------+--------+--------+-----+--------+

Top non-repeatable levels by time:
     D:2: 1537 daAuts
     D:1: 881 daAuts
     D:3: 44 daAuts
